 Dungeon Sprint DCSS version 0.29.0-11-gd7f09526c8 (webtiles) character file.

Game seed: 12609422103392152403

167 Zeld the Cleaver (level 5, 0/51 HPs)
             Began as a Minotaur Berserker on Sept 6, 2022.
             Was a Priest of Trog.
             Slain by a fire elemental (12 damage)
             ... summoned by a deep elf pyromancer
             ... in the Dungeon (Sprint III: "The Ten Rune Challenge").
             The game lasted 00:00:50 (795 turns).

Zeld the Cleaver (Minotaur Berserker)                Turns: 795, Time: 00:00:50

Health: 0/51       AC:  2    Str: 23    XL:     5   Next: 23%
Magic:  4/4        EV: 13    Int:  4    God:    Trog [***...]
Gold:   13         SH:  0    Dex: 10    Spells: 4/4 levels left

rFire   . . .      SeeInvis .   a - +0 hand axe
rCold   . . .      Faith    .   (no shield)
rNeg    . . .      Spirit   .   b - +0 animal skin
rPois   .          Reflect  .   (helmet restricted)
rElec   .          Harm     .   (no cloak)
rCorr   .          Rampage  .   (no gloves)
Will    .....      NoTele   +   (no boots)
Stlth   +.........              (no amulet)
HPRegen 0.17/turn               (no ring)
MPRegen 0.09/turn               (no ring)

@: no status effects
A: horns 2, retaliatory headbutt
a: Renounce Religion, Berserk, Trog's Hand


You were in the Dungeon.
You worshipped Trog.
Trog was most pleased with you.
You visited 1 branch You collected 13 gold pieces.

Inventory:

Hand Weapons
 a - a +0 hand axe (weapon)
Armour
 b - a +0 animal skin (worn)
Scrolls
 h - a scroll of blinking
 i - a scroll of enchant armour {unknown}
Potions
 c - a potion of curing
 d - a potion of heal wounds
 e - a potion of haste
 f - 2 potions of magic
 g - a potion of berserk rage


   Skills:
 + Level 6.7 Fighting
 * Level 8.9 Axes
 + Level 6.1 Armour
 + Level 5.6 Dodging


You had 4 spell levels left.
You didn't know any spells.
Your spell library was empty.

Dungeon Overview and Level Annotations

Branches:
Dungeon (1/1)

Altars:
Elyvilon
Kikubaaqudgha
Sif Muna
Vehumet
Zin
The Shining One


Innate Abilities, Weirdness & Mutations

You have a pair of horns on your head.
You reflexively headbutt those who attack you in melee.


Message History

The deep elf pyromancer hits you with a +1 long sword of holy wrath!
You're still recovering from your berserk rage.
You barely miss the deep elf pyromancer.
Your headbutt misses the deep elf pyromancer.
The deep elf pyromancer misses you.
Unknown command.
You barely miss the deep elf pyromancer.
Your headbutt misses the deep elf pyromancer.
The deep elf pyromancer hits you with a +1 long sword of holy wrath!
Okay, then.
You closely miss the deep elf pyromancer.
The deep elf pyromancer gestures wildly while chanting.
Your black bear goes berserk!
You can no longer call in reinforcements.
The deep elf pyromancer hits you with a +1 long sword of holy wrath.
You recover from your berserk rage.
The deep elf pyromancer hits you with a +1 long sword of holy wrath!
There is an open door, spattered with blood here.
The fire elemental hits your black bear.
The fire elemental burns your black bear!
The deep elf pyromancer points at you and mumbles some strange words.
The bolt of fire hits your black bear! The bolt of fire hits you!
* * * LOW HITPOINT WARNING * * *
Your black bear bites the deep elf pyromancer!
Your black bear claws the deep elf pyromancer. x2
Unknown command.
The fire elemental hits your black bear.
The fire elemental burns your black bear!
Your black bear barely misses the fire elemental.
Your black bear claws the fire elemental. x2
The fire elemental hits your black bear.
The fire elemental burns your black bear!
Your black bear dies!
Your black bear's corpse disappears in a puff of smoke!
There is a fountain of clear blue water here.
The deep elf pyromancer casts a spell.
The fire elemental hits you.
* * * LOW HITPOINT WARNING * * *
The fire elemental burns you!
You die...

▓▓▓▓▓▓▓ ▓▓▓ ..#...####
##.##### ..#......##
#..#°○_# .##...†...#
#..#..○# #.##.##...#
#..###e#+###+# #.##.###..#
+#..#E......... .####.##..#
#...@.⌠........
###..##.)####...#...######+
..†..##..###....#.⌠.#
##..##...##.....#...#
#..##....#......#)###
..###..##.#.....#.).# (.
#..#####....#___# ▓▓ ▓▓▓▓
▓▓▓▓▓▓▓▓▓▓


You could see a deep elf pyromancer and a fire elemental (summoned).

Vanquished Creatures
  A water elemental (D)
  A wizard (D)
  Jessica (D)
  A kobold demonologist (D)
  A human (D)
  A wolf (D)
  An endoplasm (D)
  2 rats (D)
9 creatures vanquished.

Notes
Turn   | Place    | Note
-------+----------+-------------------------------------------
     0 | D        | Zeld the Minotaur Berserker began the quest for the Orb.
     0 | D        | Reached XP level 1. HP: 19/19 MP: 0/0
    13 | D        | Reached skill level 4 in Axes
    74 | D        | Reached ** piety under Trog
    82 | D        | Noticed Jessica
    87 | D        | Killed Jessica
    88 | D        | Reached skill level 5 in Axes
    88 | D        | Reached XP level 2. HP: 28/28 MP: 1/1
    88 | D        | Reached XP level 3. HP: 35/35 MP: 2/2
    99 | D        | Reached skill level 5 in Fighting
    99 | D        | Reached skill level 6 in Axes
   100 | D        | Reached *** piety under Trog
   330 | D        | Noticed a water elemental
   335 | D        | Killed a water elemental
   336 | D        | Reached skill level 8 in Axes
   336 | D        | Reached skill level 5 in Armour
   336 | D        | Reached skill level 5 in Dodging
   336 | D        | Reached XP level 4. HP: 44/44 MP: 3/3
   724 | D        | Found a radiant altar of Vehumet.
   724 | D        | Found a shimmering blue altar of Sif Muna.
   724 | D        | Found an ancient bone altar of Kikubaaqudgha.
   724 | D        | Noticed a wizard
   727 | D        | Killed a wizard
   728 | D        | Reached XP level 5. HP: 51/51 MP: 4/4
   736 | D        | Reached **** piety under Trog
   784 | D        | Found a glowing silver altar of Zin.
   784 | D        | Found a glowing golden altar of the Shining One.
   784 | D        | Found a white marble altar of Elyvilon.
   785 | D        | Noticed a deep elf pyromancer
   790 | D        | Noticed a fire elemental
   795 | D        | Noticed a fire elemental
   795 | D        | Slain by a fire elemental

Illustrated notes

Levels and vault maps discovered:
D:        dungeon_sprint_mu [sprint_mu_entry_cave, sprint_mu_temple_rooms,
          sprint_mu_d1_horrors, sprint_mu_d2_genie, sprint_mu_d3_branching,
          sprint_mu_orc_legion, sprint_mu_elf_gauntlet, sprint_mu_hive_nellie,
          sprint_mu_lair_fedhas, sprint_mu_vaults_butterflies,
          sprint_mu_slime_circle, sprint_mu_swamp_cave, sprint_mu_snake_twists,
          sprint_mu_blade_basic, sprint_mu_crypt_fortress,
          sprint_mu_tomb_spiral, sprint_mu_vestibule_basic,
          sprint_mu_gehenna_hellfire, sprint_mu_dis_giant,
          sprint_mu_tartarus_statrot, sprint_mu_cocytus_islands, sprint_mu_zot1]

Skill      XL: |  1  2  3  4  5 |
---------------+----------------+-----
Axes           | 5 8 |  8.9
Fighting       | 4 6 |  6.7
Armour         | 3 5 6 |  6.1
Dodging        | 3 5 |  5.6

Action                   |  1- 3 |  4- 6 || total
-------------------------+-------+-------++-------
Melee: Hand axe          |    18 |    12 ||    30
       Headbutt          |     4 |       ||     4
       Punch             |       |     1 ||     1
Invok: Berserk           |     2 |     1 ||     3
       Brothers in Arms  |       |     1 ||     1
Armor: Animal skin       |     3 |       ||     3
Dodge: Dodged            |    10 |     3 ||    13
